 Dungeon Crawl Stone Soup version 0.27-a0-1456-gf5a116941d (webtiles) character file.

Game seed: 4242692928169514349

16 Sobieck the Cutter (level 2, 0/30 HPs)
             Began as a Kobold Berserker on July 5, 2021.
             Was a Follower of Trog.
             Slain by a jackal (3 damage)
             ... on level 1 of the Dungeon.
             The game lasted 00:01:28 (469 turns).

Sobieck the Cutter (Kobold Berserker)                Turns: 469, Time: 00:01:29

Health: 0/30       AC:  2    Str: 14    XL:     2   Next: 70%
Magic:  2/2        EV: 15    Int:  8    God:    Trog [*.....]
Gold:   13         SH:  0    Dex: 14    Spells: 1/1 levels left

rFire    . . .     SeeInvis .   a - +0 short sword {short}
rCold    . . .     Faith    .   (shield restricted)
rNeg     . . .     Spirit   .   b - +0 animal skin
rPois    .         Reflect  .   (no helmet)
rElec    .         Harm     .   (no cloak)
rCorr    .         Rampage  .   (no gloves)
Will     .....                  (no boots)
Stlth    ..........             (no amulet)
HPRegen  0.10/turn              (no ring)
MPRegen  0.08/turn              (no ring)

@: berserking (expiring), very quick
A: small, no large weapons, nightstalker 3
a: Renounce Religion, Berserk


You were on level 1 of the Dungeon.
You worshipped Trog.
Trog was aware of your devotion.
You visited 1 branch of the dungeon, and saw 2 of its levels.

You collected 13 gold pieces.


Innate Abilities, Weirdness & Mutations

You are small and have problems with some larger weapons.
You are completely attuned to the shadows.


   Skills:
 * Level 3.7 Fighting
 + Level 4.2 Short Blades
 - Level 1.5 Armour
 + Level 2.7 Dodging
 + Level 1.1 Stealth


You had one spell level left.
You didn't know any spells.
Your spell library contained the following spells:

 Spells                   Type           Power      Damage    Failure   Level
 Passwall                 Tmut/Erth      0%         N/A       54%         2
 Slow                     Hex            0%         N/A       54%         2
 Confusing Touch          Hex            0%         N/A       78%         3
 Swiftness                Air            0%         N/A       78%         3
 Yara's Violent Unravell  Hex/Tmut       0%         3d3       100%        5
 Invisibility             Hex            0%         N/A       100%        6

Inventory:

Hand Weapons
 a - a +0 short sword (weapon) {short}
Missiles
 e - 17 stones (quivered) {throwing}
Armour
 b - a +0 animal skin (worn)
Scrolls
 c - a scroll of amnesia {unknown}
Potions
 d - a potion of curing {unknown}

Dungeon Overview and Level Annotations

Branches:
Dungeon (2/15)

Altars:

##.....##
##8.8.#
#..#.#
#.##.# #
#....# ##
##.#.#####
##≈
#.#......
##≈♣
#...(†...
...≈
.....@b.).
#...
..#.gh†...
##.≈
..##>.....
#≈♣
#......
##≈
#...... ##
#


You could see a jackal, a hobgoblin and a bat.


Message History

The helpless ball python fails to defend itself.
You puncture the ball python!
You kill the ball python!
Trog accepts your kill.
The helpless frilled lizard fails to defend itself.
You impale the frilled lizard!!
You kill the frilled lizard!
Trog accepts your kill.
No target in view!
A jackal comes into view.
Found a stone staircase leading down.
A jackal is nearby!
A bat and a jackal come into view.
A hobgoblin comes into view.
The hobgoblin shouts!
The jackal barks!
You hear a bark!
The jackal barks!
A frilled lizard comes into view.
The jackal completely misses you.
You closely miss the jackal.
A jackal comes into view.
The jackal misses you.
You hit the jackal but do no damage. The bat barely misses you.
The jackal closely misses you. x2; The jackal barely misses you.
You throw a stone {throwing}. The stone {throwing} hits the bat.
The bat closely misses you. The bat hits you but does no damage.
The jackal bites you. x3 😮 HP[-7]
You take 7 damage, and now have 12/19 hp.
MASSIVE DAMAGE!! (PAUSE)
A red film seems to cover your vision as you go berserk!
You feel yourself moving faster!
You feel mighty! The bat hits you but does no damage.
The jackal closely misses you. x2
The jackal bites you. 😮 HP[+6]
You now have 28 max hp (+9).
You regained 6 hp, and now have 18/28 hp.
You are too injured to fight recklessly!
You are too injured to fight recklessly!
You are too injured to fight recklessly!
Unknown command.
You miss the jackal.
The jackal bites you but does no damage.
The frilled lizard barely misses you.
You closely miss the jackal. The bat hits you but does no damage.
The jackal bites you but does no damage.
The bat closely misses you. The hobgoblin barely misses you.
You closely miss the jackal. The bat hits you. The jackal barely misses you.
The jackal misses you.
The frilled lizard closely misses you. 😮 HP[-1]
You take 1 damage, and now have 17/28 hp.
You barely miss the jackal. The jackal barely misses you.
The hobgoblin hits you.
* * * LOW HITPOINT WARNING * * *
The jackal closely misses you. 😨 HP[-4]
You take 4 damage, and now have 13/28 hp.
You puncture the jackal!
You kill the jackal!
Trog accepts your kill. The bat hits you but does no damage.
The frilled lizard closely misses you. The jackal misses you. 😨 HP[+1]
You now have 30 max hp (+2).
You miss the frilled lizard. The bat completely misses you.
The jackal closely misses you. The hobgoblin hits you.
* * * LOW HITPOINT WARNING * * *
The bat misses you. The jackal misses you. 😨 HP[-3]
You take 3 damage, and now have 11/30 hp.
You closely miss the frilled lizard. The frilled lizard closely misses you.
The jackal bites you.
* * * LOW HITPOINT WARNING * * *
The bat hits you.
* * * LOW HITPOINT WARNING * * *
The jackal completely misses you. The hobgoblin hits you.
* * * LOW HITPOINT WARNING * * *
😱 HP[-6]
You take 6 damage, and now have 5/30 hp.
You puncture the frilled lizard!
You kill the frilled lizard!
Trog accepts your kill. The bat hits you.
* * * LOW HITPOINT WARNING * * *
The jackal closely misses you. The jackal misses you.
Unknown command. 😱 HP[-1]
You take 1 damage, and now have 4/30 hp.
You puncture the jackal!
You kill the jackal!
Trog accepts your kill. The hobgoblin barely misses you.
You barely miss the jackal. The bat completely misses you.
The jackal barely misses you. The bat closely misses you.
You hit the jackal. The bat hits you but does no damage.
The hobgoblin barely misses you. The jackal bites you.
* * * LOW HITPOINT WARNING * * *
😱 HP[-1]
You take 1 damage, and now have 3/30 hp.
You completely miss the jackal. The bat completely misses you.
The jackal bites you.
You die...

Skill      XL: |  1  2 |
---------------+-------+-----
Stealth        | 1 |  1.1
Fighting       | |  3.7
Short Blades   | |  4.2
Armour         | |  1.5
Dodging        | |  2.7

Action                   || total
-------------------------++-------
Melee: Short sword       ||    42
Throw: Stone             ||     1
Invok: Berserk           ||     2
 Stab: Sleeping          ||     4
Armor: Animal skin       ||     9
Dodge: Dodged            ||    49

Levels and vault maps discovered:
D:1:      ldierk_water_garden, layout_basic, ebering_ecumenical_altar_ruins
D:2:      cheibrodos_pilgrimage, layout_loops_cross, basic_altar,
          minmay_misc_feat_rows

Notes
Turn   | Place    | Note
-------+----------+-------------------------------------------
     0 | D:1      | Sobieck the Kobold Berserker began the quest for the Orb.
     0 | D:1      | Reached XP level 1. HP: 14/14 MP: 1/1
     0 | D:1      | magus.rc [v1.9.6]
   207 | D:1      | Reached XP level 2. HP: 19/19 MP: 2/2
   284 | D:1      | Reached skill level 1 in Stealth
   290 | D:1      | You pick up a book of Burglary {forbidden} and begin
                  | reading...
   290 | D:1      | You add the spells Passwall, Swiftness and Invisibility to
                  | your library.
   422 | D:1      | You pick up a book of Misfortune {forbidden} and begin
                  | reading...
   422 | D:1      | You add the spells Slow, Confusing Touch and Yara's Violent
                  | Unravelling to your library.
   437 | D:1      | Found a faded altar of an unknown god.
   464 | D:1      | HP: 5/30 [hobgoblin (3)]
   469 | D:1      | Slain by a jackal

Vanquished Creatures
  3 endoplasms (D:1)
  2 hobgoblins (D:1)
  2 jackals (D:1)
  3 ball pythons (D:1)
  2 frilled lizards (D:1)
  A goblin (D:1)
  A rat (D:1)
  A toadstool (D:1)
15 creatures vanquished.

Vanquished Creatures (others)
  3 toadstools (D:1)
3 creatures vanquished.

Grand Total: 18 creatures vanquished

Table legend:
 A = Non-vault XP
 B = Vault XP
 C = Vault XP percentage of total XP
 D = Non-vault monster count
 E = Vault monster count
 F = Vault count percentage of total count
                 A         B        C        D         E       F
            +---------+---------+-------+---------+---------+-------
      Total |      23 |       0 |   0.0 |      14 |       0 |   0.0
            +---------+---------+-------+---------+---------+-------
        D:1 |      23 |       0 |   0.0 |      14 |       0 |   0.0
            +---------+---------+-------+---------+---------+-------

Illustrated notes

Table legend:
 A = Kills in this place as a percentage of kills in entire the game.
 B = Kills by you in this place as a percentage of kills by you in the entire game.
 C = Kills by friends in this place as a percentage of kills by friends in the entire game.
 D = Other kills in this place as a percentage of other kills in the entire game.
 E = Experience gained in this place as a percentage of experience gained in the entire game.
 F = Experience gained in this place divided by the number of levels of this place that you have seen.
                   A       B       C       D       E      F
               +-------+-------+-------+-------+-------+----------------------
         Total | 100.0 | 100.0 |   N/A |   N/A | 100.0 |  11.5
       Dungeon | 100.0 | 100.0 |   N/A |   N/A | 100.0 |  11.5
               +-------+-------+-------+-------+-------+----------------------

Table legend: (Time is in decaauts)
 A = Elapsed time spent in this place.
 B = Non-inter-level travel time spent in this place.
 C = Inter-level travel time spent in this place.
 D = Time resting spent in this place.
 E = Time spent auto-exploring this place.
 F = Levels seen in this place.
 G = Mean time per level.
                   A        B        C        D        E       F      G
               +--------+--------+--------+--------+--------+-----+--------+
         Total |    469 |    465 |      4 |    145 |    210 |   2 |  234.5 |
       Dungeon |    469 |    465 |      4 |    145 |    210 |   2 |  234.5 |
               +--------+--------+--------+--------+--------+-----+--------+

Top non-repeatable levels by time:
     D:1: 468 daAuts
     D:2: 1 daAuts
